 Dungeon Crawl Stone Soup version 0.28.0-53-g5a82cb258f (webtiles) character file.

Game seed: 6619429250898359053

50 hquester the Skirmisher (level 3, -1/36 HPs)
             Began as a Troll Fighter on May 30, 2022.
             Slain by a gnoll
             ... wielding a +0 halberd
              (12 damage)
             ... on level 2 of the Dungeon.
             The game lasted 00:02:46 (726 turns).

hquester the Skirmisher (Troll Fighter)              Turns: 726, Time: 00:02:46

Health: -1/36      AC:  4    Str: 24    XL:     3   Next: 55%
Magic:  2/2        EV:  9    Int:  4    God:
Gold:   86         SH:  7    Dex: 11    Spells: 2/2 levels left

rFire   . . .      SeeInvis .     - Unarmed
rCold   . . .      Faith    .   b - +0 kite shield
rNeg    . . .      Spirit   .   a - +0 robe
rPois   .          Reflect  .   (helmet restricted)
rElec   .          Harm     .   (no cloak)
rCorr   .          Rampage  .   (gloves unavailable)
Will    .....                   (boots unavailable)
Stlth   +.........              (no amulet)
HPRegen 0.92/turn               (no ring)
MPRegen 0.08/turn               (no ring)

@: no status effects
A: large, unfitting armour, claws 3, regeneration 1, shaggy fur 1, tough skin 1
a: no special abilities


You were on level 2 of the Dungeon.
You visited 1 branch of the dungeon, and saw 2 of its levels.

You collected 86 gold pieces.

Inventory:

Hand Weapons
 g - a +0 mace
Missiles
 d - 6 large rocks (quivered)
Armour
 a - a +0 robe (worn)
 b - a +0 kite shield (worn)
Scrolls
 e - a scroll of fog {unknown}
 f - a scroll of vulnerability {unknown}
Potions
 c - a potion of might


   Skills:
 * Level 2.9 Fighting
 + Level 0.8 Throwing
 + Level 2.7 Dodging
 + Level 2.8 Shields
 + Level 2.3 Unarmed Combat


You had 2 spell levels left.
You didn't know any spells.
Your spell library contained the following spells:

 Spells                   Type           Power      Damage    Failure   Level
 Shock                    Conj/Air       0%         1d3       80%         1
 Swiftness                Air            0%         N/A       99%         3
 Airstrike                Air            0%         N/A       100%        4


Dungeon Overview and Level Annotations

Branches:
Dungeon (2/15)

Altars:


Innate Abilities, Weirdness & Mutations

You are too large for most types of armour.
You have claws for hands.
Your natural rate of healing is unusually fast.
You are covered in fur. (AC +1)
You have tough skin. (AC +1)


Message History

You claw the gnoll!
The gnoll is severely wounded.
The gnoll barely misses you.
You claw the gnoll!
You kill the gnoll!
You have reached level 3!
Your experience leads to an increase in your attributes!
Increase (S)trength, (I)ntelligence, or (D)exterity?
You feel agile. x2; You feel stronger.
You claw the orc!
You kill the orc!
A gnoll comes into view. It is wielding a +0 halberd.
The gnoll shouts!
You claw the endoplasm!
You kill the endoplasm!
You hear a shout! x4
You scratch the gnoll.
The gnoll is lightly wounded.
The gnoll barely misses you. You block the gnoll's attack.
You closely miss the gnoll.
The gnoll is lightly wounded.
The gnoll hits you with a +0 flail of holy wrath!
The orc priest looks braver for a moment.
The gnoll closely misses you.
A hobgoblin comes into view.
The gnoll hits you but does no damage.
You claw the gnoll!
You kill the gnoll!
A kobold comes into view. It is wielding a +0 dagger.
The gnoll hits you from afar with a +0 halberd.
You barely miss the orc priest. The gnoll closely misses you.
The orc priest calls down the wrath of Beogh upon you.
Beogh smites you!
* * * LOW HITPOINT WARNING * * *
The gnoll shouts!
You claw the orc priest!
The orc priest is severely wounded.
You hear a shout!
The gnoll hits you from afar with a +0 halberd!
You die...

#....o.g... #
#......g). .
.#......o. ..
........# ...
#.....g# ....
#....g.# .....
#....gg###......
#...<..o@.......
#......##.......
#......# .......
#......# .......
######## .......
.#####+ ##


You could see an orc priest, 2 gnolls and a hobgoblin.

Vanquished Creatures
  2 gnolls (D:2)
  A dart slug (D:1)
  An orc (D:2)
  2 ball pythons (D:1)
  A bat (D:1)
  An endoplasm (D:2)
  2 giant cockroaches (D:1)
  3 goblins (D:1)
  5 hobgoblins (D:1)
  4 frilled lizards (D:1)
  3 kobolds (D:1)
  3 rats (D:1)
28 creatures vanquished.

Vanquished Creatures (others)
  2 plants (D:1)
2 creatures vanquished.

Grand Total: 30 creatures vanquished

Notes
Turn   | Place    | Note
-------+----------+-------------------------------------------
     0 | D:1      | hquester the Troll Fighter began the quest for the Orb.
     0 | D:1      | Reached XP level 1. HP: 22/22 MP: 0/0
   146 | D:1      | Reached XP level 2. HP: 29/29 MP: 1/1
   392 | D:1      | Found a faded altar of an unknown god.
   720 | D:2      | Reached XP level 3. HP: 31/36 MP: 2/2
   726 | D:2      | Slain by a gnoll

Illustrated notes

Levels and vault maps discovered:
D:1:      onia_arrival_mini_spirals, layout_basic,
          shapermc_ecumenical_altar_petra, minmay_tiny_reverse_x
D:2:      layout_basic

Action                   || total
-------------------------++-------
Melee: Unarmed           ||    71
Armor: Robe              ||    21
Dodge: Dodged            ||    23
Block: Kite shield       ||    18
